HSSL
EVANS HS KNIGHTS @ MOUNTAIN POINTE HS
04/20/2030
 
TOP OF THE 1ST
Evans HS Knights batting - Pitching for Mountain Pointe HS : RHP Kenny Stevens
Pitching: RHP Kenny Stevens
Batting: RHB Scott Wells 0-0: Ball
1-0: Called Strike
1-1: Ball
2-1: Called Strike
2-2: Strikes out swinging
Batting: LHB Thierry Dufresne 0-0: Ball
1-0: Foul Ball, location: 2F
1-1: Swinging Strike
1-2: Ball
2-2: Strikes out swinging
Batting: RHB Tom Proctor 0-0: Ball
1-0: Swinging Strike
1-1: Called Strike
1-2: Strikes out swinging
Top of the 1st over - 0 runs, 0 hits, 0 errors, 0 left on base; Evans HS 0 - Mountain Pointe HS 0
BOTTOM OF THE 1ST
Mountain Pointe HS batting - Pitching for Evans HS Knights : RHP Chris Davis
Pitching: RHP Chris Davis
Batting: LHB Jesús Romero 0-0: Ball
1-0: Ball
2-0: Called Strike
2-1: Ground out 3-1 (Groundball, 34)
Batting: RHB Reggie Snyder 0-0: Called Strike
0-1: Ball
1-1: Ground out 3-1 (Groundball, 34)
Batting: LHB Jeff Turner 0-0: Ground out 5-3 (Groundball, 5)
Bottom of the 1st over - 0 runs, 0 hits, 0 errors, 0 left on base; Evans HS 0 - Mountain Pointe HS 0
TOP OF THE 2ND
Evans HS Knights batting - Pitching for Mountain Pointe HS : RHP Kenny Stevens
Batting: RHB Jim Klockow 0-0: Ball
1-0: Called Strike
1-1: SINGLE (Line Drive, 78M)
Batting: LHB Pedro González 0-0: Called Strike
0-1: Ball
1-1: Swinging Strike
1-2: Strikes out swinging
Batting: RHB Alex Badger 0-0: Ball
1-0: Called Strike
1-1: Swinging Strike
1-2: Ball
2-2: SINGLE (Groundball, 56) (infield hit)
Jim Klockow to second
Batting: RHB Marty Ryan 0-0: Called Strike
0-1: Ball
1-1: Swinging Strike
1-2: Strikes out swinging
Batting: RHB Dominic Veillette 0-0: Called Strike
0-1: Called Strike
0-2: Foul Ball, location: 2F
0-2: Strikes out looking
Top of the 2nd over - 0 runs, 2 hits, 0 errors, 2 left on base; Evans HS 0 - Mountain Pointe HS 0
BOTTOM OF THE 2ND
Mountain Pointe HS batting - Pitching for Evans HS Knights : RHP Chris Davis
Batting: RHB Vince Scovell 0-0: Called Strike
0-1: Called Strike
0-2: SINGLE (Line Drive, 6M)
Batting: RHB Matt Lehman 0-0: Called Strike
0-1: Fielders Choice at 2nd, 5-4 (Groundball, 56)
Batting: LHB Aaron Lancaster 0-0: SINGLE (Flyball, 8RS)
Matt Lehman to second
Batting: SHB Zach Weaver 0-0: Called Strike
0-1: Ball
1-1: SINGLE (Flyball, 7S)
Matt Lehman to third
Aaron Lancaster to second
Batting: RHB David Page 0-0: Called Strike
0-1: Foul Ball, location: 2F
0-2: Ball
1-2: Ball
2-2: Strikes out swinging
Batting: RHB Carter MacKey 0-0: Ball
1-0: Reached on error, E6 (Groundball, 6)
Matt Lehman scores
Aaron Lancaster to third
Zach Weaver to second
Batting: LHB Jesús Romero 0-0: Ball
1-0: Called Strike
1-1: Foul Ball, location: 2F
1-2: Foul Ball, location: 2F
1-2: Foul Ball, location: 2F
1-2: Ball
2-2: Ball
3-2: Fly out, F9 (Flyball, 89D)
Bottom of the 2nd over - 1 run, 3 hits, 1 error, 3 left on base; Evans HS 0 - Mountain Pointe HS 1
TOP OF THE 3RD
Evans HS Knights batting - Pitching for Mountain Pointe HS : RHP Kenny Stevens
Batting: SHB Powell Phillips 0-0: Foul Ball, location: 2F
0-1: Foul Ball, location: 2F
0-2: Ball
1-2: Ball
2-2: Ground out 3-1 (Groundball, 34)
Batting: RHB Scott Wells 0-0: Called Strike
0-1: Fly out, F4 (Popup, 4)
Batting: LHB Thierry Dufresne 0-0: Ball
1-0: SINGLE (Groundball, 34D)
Batting: RHB Tom Proctor 0-0: Called Strike
Thierry Dufresne steals 2nd base
0-1: Ball
1-1: Foul Ball, location: 2F
1-2: Ball
2-2: Ball
3-2: Foul Ball, location: 2F
3-2: Base on Balls
Batting: RHB Jim Klockow 0-0: Called Strike
0-1: Foul Ball, location: 2F
0-2: Fly out, F7 (Flyball, 7S)
Top of the 3rd over - 0 runs, 1 hit, 0 errors, 2 left on base; Evans HS 0 - Mountain Pointe HS 1
BOTTOM OF THE 3RD
Mountain Pointe HS batting - Pitching for Evans HS Knights : RHP Chris Davis
Batting: RHB Reggie Snyder 0-0: Ball
1-0: Ball
2-0: Swinging Strike
2-1: SINGLE (Flyball, 8LS)
Batting: LHB Jeff Turner 0-0: Ball
1-0: Ball
2-0: Foul Ball, location: 2F
2-1: SINGLE (Line Drive, 34)
Reggie Snyder to second
Batting: RHB Vince Scovell 0-0: Called Strike
0-1: Swinging Strike
0-2: Ball
1-2: Ball
2-2: DOUBLE (Groundball, 5L)
Reggie Snyder scores
Jeff Turner to third
Batting: RHB Matt Lehman 0-0: Called Strike
0-1: Swinging Strike
0-2: Ball
1-2: Ball
2-2: Ground out 5-3 (Groundball, 56)
Jeff Turner scores
Batting: LHB Aaron Lancaster 0-0: Foul Ball, location: 2F
0-1: Ball
1-1: Called Strike
1-2: Ball
2-2: Foul Ball, location: 2F
2-2: Ground out 4-3 (Groundball, 4)
Vince Scovell to third
Batting: SHB Zach Weaver 0-0: Ball
1-0: Called Strike
1-1: Ball
2-1: Swinging Strike
2-2: Strikes out swinging
Bottom of the 3rd over - 2 runs, 3 hits, 0 errors, 1 left on base; Evans HS 0 - Mountain Pointe HS 3
TOP OF THE 4TH
Evans HS Knights batting - Pitching for Mountain Pointe HS : RHP Kenny Stevens
Batting: LHB Pedro González 0-0: Called Strike
0-1: Ground out U3 (Groundball, 3)
Batting: RHB Alex Badger 0-0: Swinging Strike
0-1: Swinging Strike
0-2: Ball
1-2: Ball
2-2: Strikes out swinging
Batting: RHB Marty Ryan 0-0: Ball
1-0: Foul Ball, location: 2F
1-1: Ball
2-1: Ball
3-1: Called Strike
3-2: Foul Ball, location: 2F
3-2: Ground out 5-3 (Groundball, 56)
Top of the 4th over - 0 runs, 0 hits, 0 errors, 0 left on base; Evans HS 0 - Mountain Pointe HS 3
BOTTOM OF THE 4TH
Mountain Pointe HS batting - Pitching for Evans HS Knights : RHP Chris Davis
Batting: RHB David Page 0-0: Called Strike
0-1: Swinging Strike
0-2: Fly out, F5 (Popup, 5F)
Batting: RHB Carter MacKey 0-0: Ball
1-0: Foul Ball, location: 2F
1-1: Called Strike
1-2: Ball
2-2: Foul Ball, location: 2F
2-2: Fly out, F7 (Flyball, 78M)
Batting: LHB Jesús Romero 0-0: Foul Ball, location: 2F
0-1: Ball
1-1: Foul Ball, location: 2F
1-2: Ground out 6-3 (Groundball, 6)
Bottom of the 4th over - 0 runs, 0 hits, 0 errors, 0 left on base; Evans HS 0 - Mountain Pointe HS 3
TOP OF THE 5TH
Evans HS Knights batting - Pitching for Mountain Pointe HS : RHP Kenny Stevens
Batting: RHB Dominic Veillette 0-0: Ground out 1-3 (Groundball, 13S)
Batting: SHB Powell Phillips 0-0: Ball
1-0: Called Strike
1-1: Called Strike
1-2: Strikes out swinging
Batting: RHB Scott Wells 0-0: Ball
1-0: Ball
2-0: Called Strike
2-1: Ball
3-1: Base on Balls
Batting: LHB Thierry Dufresne 0-0: Called Strike
Scott Wells steals 2nd base
0-1: Called Strike
0-2: Strikes out swinging
Top of the 5th over - 0 runs, 0 hits, 0 errors, 1 left on base; Evans HS 0 - Mountain Pointe HS 3
BOTTOM OF THE 5TH
Mountain Pointe HS batting - Pitching for Evans HS Knights : RHP Chris Davis
Batting: RHB Reggie Snyder 0-0: Called Strike
0-1: Ball
1-1: Ball
2-1: Ball
3-1: Foul Ball, location: 2F
3-2: Base on Balls
Pitching: LHP Jim Hayes
Batting: LHB Jeff Turner 0-0: SINGLE (Groundball, 4MD)
Reggie Snyder to second
Runner from 2nd tries for 3rd, SAFE, no throw
Batting: RHB Vince Scovell 0-0: Ground out U3 (Groundball, 3S)
Jeff Turner to second
Batting: RHB Matt Lehman 0-0: Ball
1-0: Swinging Strike
1-1: Ball
2-1: Foul Ball, location: 2F
2-2: Ball
3-2: Base on Balls
Batting: LHB Aaron Lancaster 0-0: Called Strike
0-1: Swinging Strike
0-2: Ball
1-2: Strikes out swinging
Pitching: RHP Robert Martínez
Batting: SHB Zach Weaver 0-0: Called Strike
0-1: Foul Ball, location: 2F
0-2: Fly out, F6 (Line Drive, 6)
Bottom of the 5th over - 0 runs, 1 hit, 0 errors, 3 left on base; Evans HS 0 - Mountain Pointe HS 3
TOP OF THE 6TH
Evans HS Knights batting - Pitching for Mountain Pointe HS : RHP Kenny Stevens
Pitching: RHP Paul Barteaux
Batting: RHB Tom Proctor 0-0: Reached on error, E4 (Groundball, 4)
Batting: RHB Jim Klockow 0-0: Ball
1-0: Foul Ball, location: 2F
1-1: Foul Ball, location: 2F
1-2: Foul Ball, location: 2F
1-2: Ball
2-2: Ball
3-2: Foul Ball, location: 2F
3-2: Base on Balls
Batting: LHB Pedro González 0-0: Swinging Strike
0-1: Called Strike
0-2: Strikes out swinging
Batting: RHB Alex Badger 0-0: Ball
1-0: Ball
2-0: Foul Ball, location: 2F
2-1: Ball
3-1: Called Strike
3-2: Grounds into double play, 5-4-3 (Groundball, 56)
Top of the 6th over - 0 runs, 0 hits, 1 error, 1 left on base; Evans HS 0 - Mountain Pointe HS 3
BOTTOM OF THE 6TH
Mountain Pointe HS batting - Pitching for Evans HS Knights : RHP Robert Martínez
Batting: RHB David Page 0-0: Ball
1-0: Ball
2-0: Called Strike
2-1: Foul Ball, location: 2F
2-2: Fly out, F5 (Popup, 56)
Batting: RHB Carter MacKey 0-0: Ball
1-0: Fly out, F9 (Flyball, 89S)
Batting: LHB Jesús Romero 0-0: Ball
1-0: Swinging Strike
1-1: Ball
2-1: Called Strike
2-2: Strikes out swinging
Bottom of the 6th over - 0 runs, 0 hits, 0 errors, 0 left on base; Evans HS 0 - Mountain Pointe HS 3
TOP OF THE 7TH
Evans HS Knights batting - Pitching for Mountain Pointe HS : RHP Paul Barteaux
Batting: RHB Marty Ryan 0-0: Ball
1-0: Ball
2-0: Ball
3-0: Called Strike
3-1: Called Strike
3-2: Base on Balls
Batting: RHB Dominic Veillette 0-0: Called Strike
0-1: Swinging Strike
0-2: Ball
1-2: Foul Ball, location: 2F
1-2: Ball
2-2: Grounds into double play, 5-4-3 (Groundball, 56)
Batting: SHB Powell Phillips 0-0: Hit by Pitch
Batting: RHB Scott Wells 0-0: Called Strike
0-1: Ball
1-1: Ground out 5-3 (Groundball, 56S)
Top of the 7th over - 0 runs, 0 hits, 0 errors, 1 left on base; Evans HS 0 - Mountain Pointe HS 3
BOTTOM OF THE 7TH
Mountain Pointe HS batting - Pitching for Evans HS Knights : RHP Robert Martínez
Batting: RHB Reggie Snyder 0-0: SINGLE (Line Drive, 56D)
Batting: LHB Jeff Turner 0-0: SINGLE (Line Drive, 34D)
Reggie Snyder to second
Runner from 2nd tries for 3rd, SAFE, no throw
Batting: RHB Vince Scovell 0-0: Ball
1-0: Ball
2-0: Called Strike
2-1: Swinging Strike
2-2: Foul Ball, location: 2F
2-2: Strikes out swinging
Batting: RHB Matt Lehman 0-0: Ball
1-0: Foul Ball, location: 2F
1-1: Fly out, F7 (Line Drive, 78M)
Runner from 3rd tags up, SCORES, no throw
Batting: LHB Aaron Lancaster 0-0: Fly out, F8 (Flyball, 8RD)
Bottom of the 7th over - 1 run, 2 hits, 0 errors, 1 left on base; Evans HS 0 - Mountain Pointe HS 4
TOP OF THE 8TH
Evans HS Knights batting - Pitching for Mountain Pointe HS : RHP Paul Barteaux
Batting: LHB Thierry Dufresne 0-0: Hit by Pitch
Batting: RHB Tom Proctor 0-0: Called Strike
0-1: Swinging Strike
0-2: Hit by Pitch
Thierry Dufresne to second
Batting: RHB Jim Klockow 0-0: 3-RUN HOME RUN (Line Drive, 9D), Distance : 395 ft
Pitching: LHP Dan Baker
Batting: LHB Pedro González 0-0: Called Strike
0-1: Ball
1-1: Foul Ball, location: 2F
1-2: Fly out, F7 (Flyball, 78D)
Pitching: RHP Preston Fisher
Batting: RHB Alex Badger 0-0: Called Strike
0-1: Ball
1-1: SINGLE (Line Drive, 7LM)
Batting: RHB Marty Ryan 0-0: Called Strike
0-1: Foul Ball, location: 2F
0-2: Ball
1-2: Foul Ball, location: 2F
1-2: Grounds into double play, 6-4-3 (Groundball, 6)
Top of the 8th over - 3 runs, 2 hits, 0 errors, 0 left on base; Evans HS 3 - Mountain Pointe HS 4
BOTTOM OF THE 8TH
Mountain Pointe HS batting - Pitching for Evans HS Knights : RHP Robert Martínez
Batting: SHB Zach Weaver 0-0: Fly out, F7 (Flyball, 7LMF)
Batting: RHB David Page 0-0: Called Strike
0-1: Ball
1-1: Fly out, F3 (Line Drive, 3L)
Batting: RHB Carter MacKey 0-0: Ball
1-0: Called Strike
1-1: Called Strike
1-2: Ball
2-2: Ball
3-2: Base on Balls
Batting: LHB Jesús Romero 0-0: Called Strike
0-1: Fly out, F8 (Flyball, 8RD)
Bottom of the 8th over - 0 runs, 0 hits, 0 errors, 1 left on base; Evans HS 3 - Mountain Pointe HS 4
TOP OF THE 9TH
Evans HS Knights batting - Pitching for Mountain Pointe HS : RHP Preston Fisher
Batting: RHB Dominic Veillette 0-0: Ball
1-0: Foul Ball, location: 2F
1-1: SINGLE (Popup, 6MD)
Batting: SHB Powell Phillips 0-0: Sac Bunt - play at first, batter OUT! 1-4
Dominic Veillette to second
Batting: RHB Scott Wells 0-0: Ground out 6-3 (Groundball, 56)
Batting: LHB Thierry Dufresne 0-0: Ball
1-0: Ball
2-0: Ball
3-0: Base on Balls
Batting: RHB Tom Proctor 0-0: Foul Ball, location: 2F
0-1: Ball
1-1: Ball
2-1: Foul Ball, location: 2F
2-2: Strikes out swinging
Top of the 9th over - 0 runs, 1 hit, 0 errors, 2 left on base; Evans HS 3 - Mountain Pointe HS 4
Saturday, April 7th, 2018 - OOTP Baseball 18.8 Build 76